 Dungeon Crawl Stone Soup version 0.31-a0-931-g7b59d4eb97 (webtiles) character file.

Game seed: 8680184043466019647

179 Maratek the Shooter (level 5, 0/32 HPs)
             Began as a Kobold Hunter on Oct 19, 2023.
             Slain by a gnoll
             ... wielding a +0 spear
             ... led by a gnoll bouda
              (5 damage)
             ... on level 4 of the Dungeon.
             The game lasted 00:03:10 (3012 turns).

Maratek the Shooter (Kobold Hunter)                 Turns: 3012, Time: 00:03:11

Health: 0/32       AC:  5    Str:  8    XL:     5   Next: 90%
Magic:  5/5        EV: 15    Int: 10    God:
Gold:   220        SH:  0    Dex: 21    Spells: 4/4 levels left

rFire   . . .        a - +1 shortbow
rCold   . . .        (shield currently unavailable)
rNeg    . . .        c - +0 leather armour
rPois   .            (no helmet)
rElec   .            (no cloak)
rCorr   .            j - +1 pair of gloves
SInv    .            (no boots)
Will    .....        (no amulet)
Stlth   +++          (no ring)
HPRegen 0.25/turn    (no ring)
MPRegen 0.09/turn

%: no passive effects
@: hasted, very quick
A: small, no large weapons, nightstalker 3
a: no special abilities


You were on level 4 of the Dungeon.
You visited 1 branch of the dungeon, and saw 4 of its levels.

You collected 220 gold pieces.

Inventory:

Hand Weapons
 a - a +1 shortbow (weapon)
Armour
 c - a +0 leather armour (worn)
 j - a +1 pair of gloves (worn)
Jewellery
 d - a ring of ice
 g - an amulet of faith
Scrolls
 b - 2 scrolls of butterflies
Potions
 i - 2 potions of berserk rage {unknown}
 k - a potion of attraction {unknown}
 l - a potion of cancellation {unknown}
 n - a potion of brilliance {unknown}


   Skills:
 + Level 2.8 Fighting
 + Level 7.8 Ranged Weapons
 + Level 1.1 Armour
 + Level 3.0 Dodging
 + Level 1.7 Stealth


You had 4 spell levels left.
You didn't know any spells.
Your spell library contained the following spells:

 Spells                   Type           Power      Damage    Failure   Level
 Magic Dart               Conj           0%         1d3       47%         1
 Call Imp                 Summ           0%         N/A       63%         2
 Mephitic Cloud           Conj/Pois/Air  0%         N/A       85%         3
 Ozocubu's Armour         Ice            0%         N/A       85%         3
 Metabolic Englaciation   Hex/Ice        0%         N/A       100%        5
 Simulacrum               Ice/Necr       0%         N/A       100%        6


Dungeon Overview and Level Annotations

Branches:
Dungeon (4/15)
 Temple: D:4-7

Altars:

Shops:
D:3 [


Innate Abilities, Weirdness & Mutations

You are small and have problems with some larger weapons.
You are completely attuned to the shadows.


Message History

The arrow hits the gnoll bouda but does no damage.
The gnoll bouda is severely wounded.
The gnoll completely misses you.
You shoot an arrow.
The arrow hits the gnoll bouda but does no damage.
The gnoll bouda is severely wounded.
The gnoll hits you with a +0 whip! The gnoll bouda closely misses you.
You shoot an arrow.
The arrow hits the gnoll bouda but does no damage.
The gnoll bouda is severely wounded.
The gnoll barely misses you.
The gnoll bouda mumbles some strange prayers to its god.
The gnoll bouda is healed somewhat.
The gnoll misses you.
You shoot an arrow.
The arrow barely misses the gnoll bouda.
The gnoll closely misses you.
The gnoll bouda hits you with a +0 whip!
The gnoll hits you with a +0 whip.
You are too injured to fight recklessly!
You are too injured to fight recklessly!
You are too injured to fight recklessly!
You are too injured to fight recklessly!
Fire: a) +1 shortbow
Press: ? - help, Q - select action Shift-Dir - straight line, f/p - gnoll bouda
Aim: a gnoll bouda, wielding a +0 whip and wearing a +0 robe (heavily wounded, 70% to hit)
You shoot an arrow.
The arrow hits the gnoll bouda but does no damage.
The gnoll bouda is heavily wounded.
The gnoll hits you from afar with a +0 spear.
The gnoll bouda barks out a call to the hunt!
The gnolls pick up the pace!
The gnoll hits you with a +0 whip.
* * * LOW HITPOINT WARNING * * *
The gnoll attacks as it pursues you! The gnoll misses you.
The gnoll bouda closely misses you. The gnoll attacks as it pursues you!
The gnoll closely misses you.
There is a stone staircase leading up here.
You feel yourself speed up.
The gnoll hits you from afar with a +0 spear.
You die...

#..# #..# #..#
########..#
#....##...##
###........#####
###....g).....
##..@.g.....
#..g#######
#...# #...#
#...## #.....
#....< #.#####.
#.......


You could see a gnoll bouda and 2 gnolls.

Vanquished Creatures
  A jelly (D:4)
  A hound (D:2)
  4 adders
  A gnoll (D:4)
  2 worms
  2 dart slugs
  6 bats
  6 endoplasms
  2 giant cockroaches
  5 goblins
  5 hobgoblins
  6 jackals (D:2)
  4 kobolds
  4 quokkas
  8 ball pythons
  2 frilled lizards
  3 rats
62 creatures vanquished.

Notes
Turn   | Place    | Note
-------+----------+-------------------------------------------
     0 | D:1      | Maratek the Kobold Hunter began the quest for the Orb.
     0 | D:1      | Reached XP level 1. HP: 12/12 MP: 1/1
    70 | D:1      | Reached XP level 2. HP: 17/17 MP: 2/2
   193 | D:1      | Reached skill level 6 in Ranged Weapons
   541 | D:1      | Reached XP level 3. HP: 18/22 MP: 3/3
  1363 | D:2      | Reached XP level 4. HP: 25/27 MP: 4/4
  1399 | D:2      | Reached skill level 7 in Ranged Weapons
  1566 | D:2      | Reached XP level 5. HP: 31/31 MP: 5/5
  2019 | D:3      | Found Vop Feox's Armour Shop.
  2349 | D:3      | Found a faded altar of an unknown god.
  2830 | D:4      | Reached skill level 1 in Armour
  3012 | D:4      | Slain by a gnoll

Illustrated notes

Levels and vault maps discovered:
D:1:      lightli_arrival_farm, layout_basic
D:2:      minmay_chambers_of_twos, layout_loops_ring
D:3:      layout_basic, nicolae_ecumenical_lake_church, serial_shops, shop
D:4:      layout_layer_cave, minmay_temple_entry_overgrown,
          minmay_misc_feat_encased

Skill      XL: |  1  2  3  4  5 |
---------------+----------------+-----
Ranged Weapons | 6 7 |  7.8
Armour         | 1 |  1.1
Dodging        | 3 |  3.0
Fighting       | |  2.8
Stealth        | |  1.7

Action                     |  1- 3 |  4- 6 || total
---------------------------+-------+-------++-------
   Fire: Shortbow          |    74 |    75 ||   149
    Use: Scroll            |       |     8 ||     8
         Potion            |       |     1 ||     1
 Armour: Leather armour    |    20 |    16 ||    36
  Dodge: Dodged            |    22 |    37 ||    59

Table legend: (Time is in decaauts)
 A = Elapsed time spent in this place.
 B = Non-inter-level travel time spent in this place.
 C = Inter-level travel time spent in this place.
 D = Time resting spent in this place.
 E = Time spent auto-exploring this place.
 F = Levels seen in this place.
 G = Mean time per level.
                   A        B        C        D        E       F      G
               +--------+--------+--------+--------+--------+-----+--------+
         Total |   3063 |   2940 |    123 |      0 |   2632 |   4 |  765.8 |
       Dungeon |   3063 |   2940 |    123 |      0 |   2632 |   4 |  765.8 |
               +--------+--------+--------+--------+--------+-----+--------+

Top non-repeatable levels by time:
     D:3: 969 daAuts
     D:1: 944 daAuts
     D:2: 865 daAuts
     D:4: 284 daAuts
